 Dungeon Crawl Stone Soup version 0.27-a0-1144-g0b7d3b79db (webtiles) character file.

Game seed: 3800229499347877902

415 robertstho the Sneak (level 6, -1/64 HPs)
             Began as an Octopode Berserker on May 10, 2021.
             Was a Believer of Trog.
             Slain by a bullfrog skeleton (6 damage)
             ... on level 5 of the Dungeon.
             The game lasted 00:03:36 (4183 turns).

robertstho the Sneak (Octopode Berserker)           Turns: 4183, Time: 00:03:37

Health: -1/64      AC:  1    Str: 18    XL:     6   Next: 92%
Magic:  6/6        EV: 15    Int:  9    God:    Trog [**....]
Gold:   192        SH:  7    Dex: 12    Spells: 5/5 levels left

rFire    . . .     SeeInvis .   c - +2 dagger (venom)
rCold    . . .     Faith    .   s - +0 kite shield
rNeg     . . .     Spirit   .   m - +0 hat
rPois    .         Reflect  .   (no amulet)
rElec    .         Harm     .   l - +4 ring of evasion
rCorr    .         Rampage  .   (no ring)
Will     .....                  (no ring)
Stlth    ..........             (no ring)
HPRegen  0.20/turn              (no ring)
MPRegen  0.10/turn              (no ring)
                                (no ring)
                                (no ring)

@: berserking, marked, very quick
A: almost no armour, amphibious, 8 rings, camouflage 1, gelatinous body 1,
(nimble swimmer 1), tentacles
a: Renounce Religion, Berserk, Trog's Hand


You were on level 5 of the Dungeon.
You worshipped Trog.
Trog was pleased with you.
You visited 1 branch of the dungeon, and saw 5 of its levels.

You collected 192 gold pieces.

Inventory:

Hand Weapons
 a - a +0 short sword
 c - a +2 dagger of venom (weapon)
 n - a +4 dagger of freezing
Armour
 m - a +0 hat (worn)
 s - a +0 kite shield (worn)
Jewellery
 l - a +4 ring of evasion (left tentacle)
Scrolls
 b - a scroll of enchant weapon
 d - a scroll of magic mapping
 h - 2 scrolls of blinking
 i - 2 scrolls of teleportation
 o - 2 scrolls of brand weapon {unknown}
 q - a scroll of holy word {unknown}
Potions
 e - a potion of heal wounds
 f - a potion of attraction
 g - 3 potions of might {unknown}
 j - 2 potions of curing
 k - a potion of cancellation
 p - 2 potions of degeneration {unknown}
 r - a potion of flight {unknown}


   Skills:
 * Level 4.3 Fighting
 + Level 3.9 Short Blades
 * Level 4.2 Dodging
 * Level 6.4 Stealth


You had 5 spell levels left.
You didn't know any spells.
Your spell library was empty.

Dungeon Overview and Level Annotations

Branches:
Dungeon (5/15)             Temple (0/1) D:4

Altars:
Okawaru

Annotations:
D:5 Menkaure, Sigmund


Innate Abilities, Weirdness & Mutations

You cannot wear most types of armour.
You are amphibious.
You can wear up to eight rings at the same time.
Your skin changes colour to match your surroundings (Stealth+).
Your rubbery body absorbs attacks. (AC +1, EV +1)
((You are camouflaged near water. (Stealth+)))
You have tentacles for arms and can constrict up to eight enemies at once.


Message History

You constrict the water moccasin zombie.
A hound comes into view.
The water moccasin zombie bites you.
You hit the water moccasin zombie.
The water moccasin zombie is heavily damaged.
You constrict the water moccasin zombie.
The water moccasin zombie bites you. Sigmund casts a spell at you.
The magic dart hits you!
The hound pauses to sniff the ground.
A red film seems to cover your vision as you go berserk!
You feel yourself moving faster!
You feel mighty!
You constrict the water moccasin zombie.
You block the water moccasin zombie's attack.
You hit the water moccasin zombie.
The water moccasin zombie is severely damaged.
You constrict the water moccasin zombie.
The hound bites you.
The water moccasin zombie closely misses you.
Menkaure, Prince of Dust comes into view.
Sigmund hits you from afar with a +0 scythe!
You closely miss the hound. You grab the hound. You constrict the hound.
You constrict the water moccasin zombie.
The hound bites you. The water moccasin zombie bites you.
The bullfrog skeleton barely misses you.
Menkaure's bandages flutter.
The hound bites you.
* * * LOW HITPOINT WARNING * * *
You block Sigmund's attack.
You puncture the water moccasin zombie!
You destroy the water moccasin zombie!
Trog accepts your kill.
You constrict the hound.
A centaur comes into view.
The bullfrog skeleton hits you.
* * * LOW HITPOINT WARNING * * *
The hound bites you.
* * * LOW HITPOINT WARNING * * *
You release your grip on the hound.
The bullfrog skeleton hits you.
You die...

...... .#
#..... .#
#.....##.#
........#
#......# #
.....#.#
#...#.# +Z@.Mc#
#...### #.h..##
+.@...#
###.###.....#
.......<#.....#
........#..####
###.#........
#.......#.##


You could see Sigmund, Menkaure, a centaur, a hound and a bullfrog skeleton.

Vanquished Creatures
  Duvessa (D:4)
  Dowan (D:4)
  A water moccasin zombie (D:5)
  A bullfrog skeleton (D:4)
  Natasha (twice) (D:2)
  4 adders
  An adder zombie (D:3)
  An adder skeleton (D:4)
  A worm (D:2)
  2 dart slugs (D:2)
  8 ball pythons
  3 endoplasms
  A giant cockroach (D:2)
  8 goblins
  10 hobgoblins
  2 jackals (D:3)
  4 quokkas
  5 bats
  4 frilled lizards
  7 kobolds
  4 rats
71 creatures vanquished.

Notes
Turn   | Place    | Note
-------+----------+-------------------------------------------
     0 | D:1      | robertstho the Octopode Berserker began the quest for the
                  | Orb.
     0 | D:1      | Reached XP level 1. HP: 16/16 MP: 1/1
   141 | D:1      | Reached XP level 2. HP: 14/21 MP: 2/2
   251 | D:1      | Found a faded altar of an unknown god.
   574 | D:1      | Reached skill level 1 in Stealth
   992 | D:1      | Reached XP level 3. HP: 26/26 MP: 3/3
  1567 | D:2      | Noticed Natasha
  1570 | D:2      | Killed Natasha
  1571 | D:2      | Reached skill level 2 in Stealth
  1571 | D:2      | Reached XP level 4. HP: 24/33 MP: 4/4
  1713 | D:2      | Noticed Natasha
  1720 | D:2      | Killed Natasha
  2419 | D:3      | Reached skill level 3 in Stealth
  2486 | D:3      | Reached ** piety under Trog
  2587 | D:3      | Reached XP level 5. HP: 37/37 MP: 5/5
  2632 | D:3      | Found an iron altar of Okawaru.
  3457 | D:4      | Noticed Duvessa
  3459 | D:4      | Noticed Dowan
  3466 | D:4      | Reached skill level 4 in Stealth
  3475 | D:4      | Killed Duvessa
  3476 | D:4      | Reached skill level 5 in Stealth
  3476 | D:4      | Reached XP level 6. HP: 15/43 MP: 6/6
  3485 | D:4      | Killed Dowan
  3913 | D:4      | Found a staircase to the Ecumenical Temple.
  4062 | D:4      | Reached skill level 6 in Stealth
  4171 | D:5      | Entered Level 5 of the Dungeon
  4175 | D:5      | Noticed Sigmund
  4180 | D:5      | Noticed Menkaure
  4183 | D:5      | Slain by a bullfrog skeleton

Illustrated notes

Levels and vault maps discovered:
D:1:      nicolae_arrival_washed_ashore, layout_loops_corners,
          shapermc_ecumenical_altar_venn
D:2:      layout_loops_corners, uniq_natasha
D:3:      layout_loops_ring, okawaru_ov_weapons_minmay, skrybe_limestone_x,
          grunt_ministairs_6, small_statue_intersection,
          minmay_randomly_rotated_circles
D:4:      layout_rooms, minmay_temple_entry_metal_lava, uniq_duvessa
D:5:      layout_basic, uniq_menkaure, uniq_edmund, uniq_grinder, uniq_sigmund

Skill      XL: |  1  2  3  4  5  6 |
---------------+-------------------+-----
Stealth        | 1 2 3 5 6 |  6.4
Fighting       | 4 |  4.3
Dodging        | 4 |  4.2
Short Blades   | |  3.9

Action                   |  1- 3 |  4- 6 || total
-------------------------+-------+-------++-------
Melee: Short sword       |    27 |       ||    27
       Constrict         |    11 |    16 ||    27
       Tentacles         |    11 |     8 ||    19
       Dagger            |    27 |    77 ||   104
Invok: Berserk           |     1 |     3 ||     4
  Use: Scroll            |       |     8 ||     8
       Potion            |       |     2 ||     2
 Stab: Sleeping          |     7 |    15 ||    22
       Distracted        |     1 |       ||     1
Armor: Skin              |     1 |       ||     1
Dodge: Dodged            |    20 |    54 ||    74
Block: Kite shield       |       |     2 ||     2

Table legend: (Time is in decaauts)
 A = Elapsed time spent in this place.
 B = Non-inter-level travel time spent in this place.
 C = Inter-level travel time spent in this place.
 D = Time resting spent in this place.
 E = Time spent auto-exploring this place.
 F = Levels seen in this place.
 G = Mean time per level.
                   A        B        C        D        E       F      G
               +--------+--------+--------+--------+--------+-----+--------+
         Total |   4193 |   3927 |    266 |    354 |   3154 |   5 |  838.6 |
       Dungeon |   4193 |   3927 |    266 |    354 |   3154 |   5 |  838.6 |
               +--------+--------+--------+--------+--------+-----+--------+

Top non-repeatable levels by time:
     D:1: 1242 daAuts
     D:2: 1135 daAuts
     D:3: 1052 daAuts
     D:4: 751 daAuts
     D:5: 11 daAuts
